 Dungeon Crawl Stone Soup version 0.25-a0-294-gea9b1ad378 (webtiles) character file.

Game seed: 5367043501664380141, levelgen mode: deterministic

172 MirrMurr the Sneak (level 5, -2/24 HPs)
             Began as a Spriggan Enchanter on Dec 16, 2019.
             Was a Plaything of Xom.
             Slain by an orc
             ... wielding a +0 trident
              (5 damage)
             ... on level 3 of the Dungeon.
             The game lasted 00:07:21 (3810 turns).

MirrMurr the Sneak (Spriggan Enchanter)             Turns: 3810, Time: 00:07:21

Health: -2/24      AC:  2    Str:  5    XL:     5   Next: 27%
Magic:  1/10       EV: 18    Int: 17    God:    Xom [...*..]
Gold:   121        SH:  0    Dex: 16    Spells: 0/9 levels left

rFire    . . .     SeeInvis +   a - +1 dagger
rCold    . . .     Gourm    .   (shield restricted)
rNeg     . . .     Faith    .   b - +0 robe
rPois    .         Spirit   .   (helmet restricted)
rElec    .         Reflect  .   (no cloak)
rCorr    .         Harm     .   (gloves unavailable)
MR       .....                  (boots unavailable)
Stlth    ++++......             (no amulet)
HPRegen  0.08/turn              (no ring)
MPRegen  0.12/turn              (no ring)

@: very quick
A: very small, unfitting armour, see invisible, herbivore, speed 3, slow
metabolism 2
a: Renounce Religion


You were on level 3 of the Dungeon.
You worshipped Xom.
You were a favourite toy of Xom.
You were hungry.

You visited 1 branch of the dungeon, and saw 3 of its levels.

You collected 121 gold pieces.

Inventory:

Hand Weapons
 a - a +1 dagger (weapon)
 e - a +0 hunting sling
Missiles
 f - 123 stones (quivered)
 l - 2 throwing nets
 p - 10 poisoned darts
Armour
 b - a +0 robe (worn)
Jewellery
 o - a +4 ring of strength {unknown}
Scrolls
 d - 2 scrolls of teleportation {unknown}
 g - a scroll of noise {unknown}
 m - a scroll of enchant armour {unknown}
 n - 4 scrolls of identify
 q - a scroll of remove curse {unknown}
Potions
 h - a potion of lignification {unknown}
 i - a potion of haste {unknown}
 j - 2 potions of heal wounds
 k - 2 potions of curing {unknown}
 r - 2 potions of brilliance {unknown}
Comestibles
 c - 3 rations


   Skills:
 + Level 4.0 Short Blades
 - Level 3.0 Dodging
 + Level 7.3 Stealth
 - Level 2.6 Spellcasting
 - Level 3.6 Hexes


You couldn't memorise any spells.
You knew the following spells:

 Your Spells              Type           Power        Failure   Level  Hunger
a - Ensorcelled Hibernat  Hex/Ice        #.....       13%         2    ##.....
b - Confuse               Hex            ##......     12%         3    ###....
c - Tukima's Dance        Hex            ##......     12%         3    ###....
C - Corona                Hex            ##.....      4%          1    #......

Your spell library contained the following spells:

 Spells                   Type           Power        Failure   Level  Hunger
 Dazzling Flash           Conj/Hex       #.....       26%         3    ###....


Dungeon Overview and Level Annotations

Branches:
Dungeon (3/15)

Altars:
Hepliaklqana
Nemelex Xobeh
Ru
Wu Jian
Xom


Innate Abilities, Weirdness & Mutations

You are very small and have problems with some larger weapons.
You are too small for most types of armour.
You have supernaturally acute eyesight. (SInv)
You are a herbivore.
You cover ground extremely quickly.
You need to consume almost no food.


Message History

Unknown command.
You hit the orc.
The orc is heavily wounded.
The orc barely misses you. The orc completely misses you.
You hit the orc.
The orc is heavily wounded.
The orc hits you with a +3 whip.
You hit the orc.
The orc is severely wounded.
The orc hits you with a +0 trident.
* * * LOW HITPOINT WARNING * * *
The orc barely misses you.
You hit the orc.
You kill the orc!
The orc hits you with a +0 trident.
* * * LOW HITPOINT WARNING * * *
You see here a +3 whip.
You hit the orc but do no damage. The orc hits you with a +0 trident.
You die... "It was about time."

#....#........####.#..##*......
#....#.................#*######
##.#.#.........####....### #
#.#.#..............._...## #
#.#......................# #
#.#########..............# #
#.#.(....#.<....._..⌠.._$# #
#.#.#....#..)............# #
#.#.#<...#..o@..........##
#.#.#....#.....)...._...#
#.#.########..........#.#
#.#..................#..#
#.'....................##
###...##.........#######
#...##.........#
#...##.........).
#...##............


You could see an orc.

Vanquished Creatures
  Jessica (D:2)
  5 adders
  2 oozes (D:2)
  2 worms (D:2)
  A dart slug (D:3)
  3 leopard geckos
  12 orcs (D:3)
  5 bats
  A giant cockroach (D:1)
  8 goblins
  7 hobgoblins
  8 jackals
  2 ball pythons
  A frilled lizard (D:1)
  4 kobolds
  7 rats
69 creatures vanquished.

Notes
Turn   | Place    | Note
-------+----------+-------------------------------------------
     0 | D:1      | MirrMurr the Spriggan Enchanter began the quest for the
                  | Orb.
     0 | D:1      | Reached XP level 1. HP: 9/9 MP: 5/5
    72 | D:1      | You fall into a shaft and drop 1 floor!
   605 | D:1      | Reached XP level 2. HP: 6/13 MP: 3/6
   609 | D:1      | Learned a level 2 spell: Ensorcelled Hibernation
   852 | D:1      | Reached skill level 5 in Stealth
  2208 | D:2      | Reached XP level 3. HP: 16/16 MP: 8/8
  2213 | D:2      | Learned a level 3 spell: Confuse
  2246 | D:2      | Noticed Jessica
  2254 | D:2      | Killed Jessica
  2254 | D:2      | Reached skill level 6 in Stealth
  2519 | D:2      | Reached XP level 4. HP: 21/21 MP: 4/9
  2726 | D:2      | Found a faded altar of an unknown god.
  3237 | D:2      | Became a worshipper of Xom the Psychotic
  3266 | D:3      | XOM: stealth player
  3318 | D:3      | XOM: silly message
  3523 | D:3      | XOM: divination: detect creatures
  3528 | D:3      | XOM: confuse monster(s)
  3535 | D:3      | Found an ornate altar of the Wu Jian Council.
  3542 | D:3      | Reached skill level 7 in Stealth
  3572 | D:3      | Reached XP level 5. HP: 16/24 MP: 7/10
  3579 | D:3      | Learned a level 3 spell: Tukima's Dance
  3591 | D:3      | XOM: divination: magic mapping
  3679 | D:3      | XOM: potion effect (haste)
  3748 | D:3      | XOM: noise
  3770 | D:3      | Found a sacrificial altar of Ru.
  3773 | D:3      | Found a sparkling altar of Nemelex Xobeh.
  3776 | D:3      | Found a hazy altar of Hepliaklqana.
  3785 | D:3      | XOM: enchant monster (bad)
  3810 | D:3      | Slain by an orc

Levels and vault maps discovered:
D:1:      dpeg_arrival_water_fire, layout_loops_ring
D:2:      layout_loops_corners, chequers_ecumenical_altar_simple, uniq_jessica
D:3:      layout_basic, nicolae_qazlal_general_emergency,
          grunt_temple_overflow_open

Skill      XL: |  1  2  3  4  5 |
---------------+----------------+-----
Stealth        | 5 6 7 |  7.3
Short Blades   | 2 3 4 |  4.0
Dodging        | |  3.0
Spellcasting   | |  2.6
Hexes          | |  3.6

Action                   |  1- 3 |  4- 6 || total
-------------------------+-------+-------++-------
Melee: Dagger            |   113 |   186 ||   299
Throw: Throwing net      |       |     1 ||     1
 Cast: Corona            |     2 |       ||     2
       Ensorcelled Hiber |    10 |    20 ||    30
       Confuse           |       |     1 ||     1
  Use: Scroll            |       |     2 ||     2
 Stab: Sleeping          |    12 |    16 ||    28
       Distracted        |       |     1 ||     1
       Confused          |       |     1 ||     1
       Held in net/web   |       |     1 ||     1
  Eat: Ration            |       |     1 ||     1
Armor: Robe              |     9 |     9 ||    18
Dodge: Dodged            |    79 |   143 ||   222

Table legend:
 A = Non-vault XP
 B = Vault XP
 C = Vault XP percentage of total XP
 D = Non-vault monster count
 E = Vault monster count
 F = Vault count percentage of total count
                 A         B        C        D         E       F
            +---------+---------+-------+---------+---------+-------
      Total |     209 |      37 |  15.0 |      68 |       1 |   1.4
            +---------+---------+-------+---------+---------+-------
        D:1 |      25 |       0 |   0.0 |      15 |       0 |   0.0
        D:2 |     119 |      37 |  23.7 |      32 |       1 |   3.0
        D:3 |      65 |       0 |   0.0 |      21 |       0 |   0.0
            +---------+---------+-------+---------+---------+-------
